Workbook

Sheet Resumo do mês
A1: Resumo do mês por caminhão
A2: Troque o mês na célula B3 (qualquer dia do mês serve). O lucro do caminhão tira os custos fixos do mês inteiro, então caminhão parado aparece no vermelho.
A3: Mês | B3: 46266 | K3: =DATE(YEAR(B3),MONTH(B3),1) | L3: =DATE(YEAR(B3),MONTH(B3)+1,1)
A4: Caminhão | B4: Viagens | C4: Km rodados | D4: Faturamento | E4: Lucro das viagens | F4: Custos fixos do mês | G4: Lucro do caminhão no mês | H4: Custo por km | I4: Margem
A5: =IF('Caminhões'!A5="","",'Caminhões'!A5) | B5: =IF(A5="","",COUNTIFS(Viagens!$B$5:$B$304,A5,Viagens!$A$5:$A$304,">="&$K$3,Viagens!$A$5:$A$304,"<"&$L$3)) | C5: =IF(A5="","",SUMIFS(Viagens!$F$5:$F$304,Viagens!$B$5:$B$304,A5,Viagens!$A$5:$A$304,">="&$K$3,Viagens!$A$5:$A$304,"<"&$L$3)) | D5: =IF(A5="","",SUMIFS(Viagens!$G$5:$G$304,Viagens!$B$5:$B$304,A5,Viagens!$A$5:$A$304,">="&$K$3,Viagens!$A$5:$A$304,"<"&$L$3)) | E5: =IF(A5="","",SUMIFS(Viagens!$P$5:$P$304,Viagens!$B$5:$B$304,A5,Viagens!$A$5:$A$304,">="&$K$3,Viagens!$A$5:$A$304,"<"&$L$3)) | F5: =IF(A5="","",'Caminhões'!G5) | G5: =IF(A5="","",E5-F5) | H5: =IF(OR(A5="",C5=0),"",(D5-G5)/C5) | I5: =IF(OR(A5="",D5=0),"",G5/D5)
A6: =IF('Caminhões'!A6="","",'Caminhões'!A6) | B6: =IF(A6="","",COUNTIFS(Viagens!$B$5:$B$304,A6,Viagens!$A$5:$A$304,">="&$K$3,Viagens!$A$5:$A$304,"<"&$L$3)) | C6: =IF(A6="","",SUMIFS(Viagens!$F$5:$F$304,Viagens!$B$5:$B$304,A6,Viagens!$A$5:$A$304,">="&$K$3,Viagens!$A$5:$A$304,"<"&$L$3)) | D6: =IF(A6="","",SUMIFS(Viagens!$G$5:$G$304,Viagens!$B$5:$B$304,A6,Viagens!$A$5:$A$304,">="&$K$3,Viagens!$A$5:$A$304,"<"&$L$3)) | E6: =IF(A6="","",SUMIFS(Viagens!$P$5:$P$304,Viagens!$B$5:$B$304,A6,Viagens!$A$5:$A$304,">="&$K$3,Viagens!$A$5:$A$304,"<"&$L$3)) | F6: =IF(A6="","",'Caminhões'!G6) | G6: =IF(A6="","",E6-F6) | H6: =IF(OR(A6="",C6=0),"",(D6-G6)/C6) | I6: =IF(OR(A6="",D6=0),"",G6/D6)
A7: =IF('Caminhões'!A7="","",'Caminhões'!A7) | B7: =IF(A7="","",COUNTIFS(Viagens!$B$5:$B$304,A7,Viagens!$A$5:$A$304,">="&$K$3,Viagens!$A$5:$A$304,"<"&$L$3)) | C7: =IF(A7="","",SUMIFS(Viagens!$F$5:$F$304,Viagens!$B$5:$B$304,A7,Viagens!$A$5:$A$304,">="&$K$3,Viagens!$A$5:$A$304,"<"&$L$3)) | D7: =IF(A7="","",SUMIFS(Viagens!$G$5:$G$304,Viagens!$B$5:$B$304,A7,Viagens!$A$5:$A$304,">="&$K$3,Viagens!$A$5:$A$304,"<"&$L$3)) | E7: =IF(A7="","",SUMIFS(Viagens!$P$5:$P$304,Viagens!$B$5:$B$304,A7,Viagens!$A$5:$A$304,">="&$K$3,Viagens!$A$5:$A$304,"<"&$L$3)) | F7: =IF(A7="","",'Caminhões'!G7) | G7: =IF(A7="","",E7-F7) | H7: =IF(OR(A7="",C7=0),"",(D7-G7)/C7) | I7: =IF(OR(A7="",D7=0),"",G7/D7)
A8: =IF('Caminhões'!A8="","",'Caminhões'!A8) | B8: =IF(A8="","",COUNTIFS(Viagens!$B$5:$B$304,A8,Viagens!$A$5:$A$304,">="&$K$3,Viagens!$A$5:$A$304,"<"&$L$3)) | C8: =IF(A8="","",SUMIFS(Viagens!$F$5:$F$304,Viagens!$B$5:$B$304,A8,Viagens!$A$5:$A$304,">="&$K$3,Viagens!$A$5:$A$304,"<"&$L$3)) | D8: =IF(A8="","",SUMIFS(Viagens!$G$5:$G$304,Viagens!$B$5:$B$304,A8,Viagens!$A$5:$A$304,">="&$K$3,Viagens!$A$5:$A$304,"<"&$L$3)) | E8: =IF(A8="","",SUMIFS(Viagens!$P$5:$P$304,Viagens!$B$5:$B$304,A8,Viagens!$A$5:$A$304,">="&$K$3,Viagens!$A$5:$A$304,"<"&$L$3)) | F8: =IF(A8="","",'Caminhões'!G8) | G8: =IF(A8="","",E8-F8) | H8: =IF(OR(A8="",C8=0),"",(D8-G8)/C8) | I8: =IF(OR(A8="",D8=0),"",G8/D8)
A9: =IF('Caminhões'!A9="","",'Caminhões'!A9) | B9: =IF(A9="","",COUNTIFS(Viagens!$B$5:$B$304,A9,Viagens!$A$5:$A$304,">="&$K$3,Viagens!$A$5:$A$304,"<"&$L$3)) | C9: =IF(A9="","",SUMIFS(Viagens!$F$5:$F$304,Viagens!$B$5:$B$304,A9,Viagens!$A$5:$A$304,">="&$K$3,Viagens!$A$5:$A$304,"<"&$L$3)) | D9: =IF(A9="","",SUMIFS(Viagens!$G$5:$G$304,Viagens!$B$5:$B$304,A9,Viagens!$A$5:$A$304,">="&$K$3,Viagens!$A$5:$A$304,"<"&$L$3)) | E9: =IF(A9="","",SUMIFS(Viagens!$P$5:$P$304,Viagens!$B$5:$B$304,A9,Viagens!$A$5:$A$304,">="&$K$3,Viagens!$A$5:$A$304,"<"&$L$3)) | F9: =IF(A9="","",'Caminhões'!G9) | G9: =IF(A9="","",E9-F9) | H9: =IF(OR(A9="",C9=0),"",(D9-G9)/C9) | I9: =IF(OR(A9="",D9=0),"",G9/D9)
A10: =IF('Caminhões'!A10="","",'Caminhões'!A10) | B10: =IF(A10="","",COUNTIFS(Viagens!$B$5:$B$304,A10,Viagens!$A$5:$A$304,">="&$K$3,Viagens!$A$5:$A$304,"<"&$L$3)) | C10: =IF(A10="","",SUMIFS(Viagens!$F$5:$F$304,Viagens!$B$5:$B$304,A10,Viagens!$A$5:$A$304,">="&$K$3,Viagens!$A$5:$A$304,"<"&$L$3)) | D10: =IF(A10="","",SUMIFS(Viagens!$G$5:$G$304,Viagens!$B$5:$B$304,A10,Viagens!$A$5:$A$304,">="&$K$3,Viagens!$A$5:$A$304,"<"&$L$3)) | E10: =IF(A10="","",SUMIFS(Viagens!$P$5:$P$304,Viagens!$B$5:$B$304,A10,Viagens!$A$5:$A$304,">="&$K$3,Viagens!$A$5:$A$304,"<"&$L$3)) | F10: =IF(A10="","",'Caminhões'!G10) | G10: =IF(A10="","",E10-F10) | H10: =IF(OR(A10="",C10=0),"",(D10-G10)/C10) | I10: =IF(OR(A10="",D10=0),"",G10/D10)
A11: =IF('Caminhões'!A11="","",'Caminhões'!A11) | B11: =IF(A11="","",COUNTIFS(Viagens!$B$5:$B$304,A11,Viagens!$A$5:$A$304,">="&$K$3,Viagens!$A$5:$A$304,"<"&$L$3)) | C11: =IF(A11="","",SUMIFS(Viagens!$F$5:$F$304,Viagens!$B$5:$B$304,A11,Viagens!$A$5:$A$304,">="&$K$3,Viagens!$A$5:$A$304,"<"&$L$3)) | D11: =IF(A11="","",SUMIFS(Viagens!$G$5:$G$304,Viagens!$B$5:$B$304,A11,Viagens!$A$5:$A$304,">="&$K$3,Viagens!$A$5:$A$304,"<"&$L$3)) | E11: =IF(A11="","",SUMIFS(Viagens!$P$5:$P$304,Viagens!$B$5:$B$304,A11,Viagens!$A$5:$A$304,">="&$K$3,Viagens!$A$5:$A$304,"<"&$L$3)) | F11: =IF(A11="","",'Caminhões'!G11) | G11: =IF(A11="","",E11-F11) | H11: =IF(OR(A11="",C11=0),"",(D11-G11)/C11) | I11: =IF(OR(A11="",D11=0),"",G11/D11)
A12: =IF('Caminhões'!A12="","",'Caminhões'!A12) | B12: =IF(A12="","",COUNTIFS(Viagens!$B$5:$B$304,A12,Viagens!$A$5:$A$304,">="&$K$3,Viagens!$A$5:$A$304,"<"&$L$3)) | C12: =IF(A12="","",SUMIFS(Viagens!$F$5:$F$304,Viagens!$B$5:$B$304,A12,Viagens!$A$5:$A$304,">="&$K$3,Viagens!$A$5:$A$304,"<"&$L$3)) | D12: =IF(A12="","",SUMIFS(Viagens!$G$5:$G$304,Viagens!$B$5:$B$304,A12,Viagens!$A$5:$A$304,">="&$K$3,Viagens!$A$5:$A$304,"<"&$L$3)) | E12: =IF(A12="","",SUMIFS(Viagens!$P$5:$P$304,Viagens!$B$5:$B$304,A12,Viagens!$A$5:$A$304,">="&$K$3,Viagens!$A$5:$A$304,"<"&$L$3)) | F12: =IF(A12="","",'Caminhões'!G12) | G12: =IF(A12="","",E12-F12) | H12: =IF(OR(A12="",C12=0),"",(D12-G12)/C12) | I12: =IF(OR(A12="",D12=0),"",G12/D12)
A13: =IF('Caminhões'!A13="","",'Caminhões'!A13) | B13: =IF(A13="","",COUNTIFS(Viagens!$B$5:$B$304,A13,Viagens!$A$5:$A$304,">="&$K$3,Viagens!$A$5:$A$304,"<"&$L$3)) | C13: =IF(A13="","",SUMIFS(Viagens!$F$5:$F$304,Viagens!$B$5:$B$304,A13,Viagens!$A$5:$A$304,">="&$K$3,Viagens!$A$5:$A$304,"<"&$L$3)) | D13: =IF(A13="","",SUMIFS(Viagens!$G$5:$G$304,Viagens!$B$5:$B$304,A13,Viagens!$A$5:$A$304,">="&$K$3,Viagens!$A$5:$A$304,"<"&$L$3)) | E13: =IF(A13="","",SUMIFS(Viagens!$P$5:$P$304,Viagens!$B$5:$B$304,A13,Viagens!$A$5:$A$304,">="&$K$3,Viagens!$A$5:$A$304,"<"&$L$3)) | F13: =IF(A13="","",'Caminhões'!G13) | G13: =IF(A13="","",E13-F13) | H13: =IF(OR(A13="",C13=0),"",(D13-G13)/C13) | I13: =IF(OR(A13="",D13=0),"",G13/D13)
A14: =IF('Caminhões'!A14="","",'Caminhões'!A14) | B14: =IF(A14="","",COUNTIFS(Viagens!$B$5:$B$304,A14,Viagens!$A$5:$A$304,">="&$K$3,Viagens!$A$5:$A$304,"<"&$L$3)) | C14: =IF(A14="","",SUMIFS(Viagens!$F$5:$F$304,Viagens!$B$5:$B$304,A14,Viagens!$A$5:$A$304,">="&$K$3,Viagens!$A$5:$A$304,"<"&$L$3)) | D14: =IF(A14="","",SUMIFS(Viagens!$G$5:$G$304,Viagens!$B$5:$B$304,A14,Viagens!$A$5:$A$304,">="&$K$3,Viagens!$A$5:$A$304,"<"&$L$3)) | E14: =IF(A14="","",SUMIFS(Viagens!$P$5:$P$304,Viagens!$B$5:$B$304,A14,Viagens!$A$5:$A$304,">="&$K$3,Viagens!$A$5:$A$304,"<"&$L$3)) | F14: =IF(A14="","",'Caminhões'!G14) | G14: =IF(A14="","",E14-F14) | H14: =IF(OR(A14="",C14=0),"",(D14-G14)/C14) | I14: =IF(OR(A14="",D14=0),"",G14/D14)
A15: Frota inteira | B15: =SUM(B5:B14) | C15: =SUM(C5:C14) | D15: =SUM(D5:D14) | E15: =SUM(E5:E14) | F15: =SUM(F5:F14) | G15: =SUM(G5:G14) | H15: =IF(C15=0,"",(D15-G15)/C15) | I15: =IF(D15=0,"",G15/D15)
A17: Custo por km = (faturamento − lucro do caminhão) ÷ km rodados no mês. Para comparar com o frete antes de aceitar a carga, use a calculadora de custo por km em frotze.com.br/ferramentas.
A19: Quando a planilha começar a travar, a Frotze faz essa conta sozinha a cada viagem lançada, com o lucro de cada caminhão e o fechamento do mês prontos. Teste grátis em frotze.com.br

Sheet Caminhões
A1: Caminhões
A2: Um caminhão por linha, com os custos que correm todo mês, rodando ou não. O nome daqui aparece na lista da aba Viagens. Motorista só por comissão: deixe o salário em zero.
A4: Caminhão (placa ou apelido) | B4: Modelo | C4: Parcela do caminhão | D4: Seguro do caminhão | E4: Motorista (salário fixo) | F4: Outros fixos (IPVA, rastreador, depreciação) | G4: Custos fixos do mês
A5: Volvo FH (exemplo) | B5: Volvo FH 540 | C5: 8000 | D5: 1800 | E5: 0 | F5: 1200 | G5: =IF(A5="","",SUM(C5:F5))
A6: Scania R450 (exemplo) | B6: Scania R 450 | C6: 6000 | D6: 1800 | E6: 0 | F6: 1200 | G6: =IF(A6="","",SUM(C6:F6))
G7: =IF(A7="","",SUM(C7:F7))
G8: =IF(A8="","",SUM(C8:F8))
G9: =IF(A9="","",SUM(C9:F9))
G10: =IF(A10="","",SUM(C10:F10))
G11: =IF(A11="","",SUM(C11:F11))
G12: =IF(A12="","",SUM(C12:F12))
G13: =IF(A13="","",SUM(C13:F13))
G14: =IF(A14="","",SUM(C14:F14))

Sheet Viagens
A1: Viagens
A2: Uma linha por viagem. Preencha as colunas claras; as escuras se calculam sozinhas. A comissão sai do frete depois de tirar a taxa e o seguro de carga.
A4: Data | B4: Caminhão | C4: Motorista | D4: Origem | E4: Destino | F4: Km rodados | G4: Frete | H4: Taxa % | I4: Seguro de carga | J4: Comissão % | K4: Diesel | L4: Pedágio | M4: Outras despesas | N4: Taxa | O4: Comissão | P4: Lucro da viagem | Q4: Lucro por km | R4: Margem
A5: 46267 | B5: Volvo FH (exemplo) | C5: João | D5: Rondonópolis (MT) | E5: Santos (SP) | F5: 1480 | G5: 8000 | H5: 0.015 | I5: 60 | J5: 0.12 | K5: 3700 | L5: 380 | M5: 440 | N5: =IF(G5="","",G5*H5) | O5: =IF(G5="","",(G5-N5-I5)*J5) | P5: =IF(G5="","",G5-N5-I5-O5-K5-L5-M5) | Q5: =IF(OR(G5="",F5=0),"",P5/F5) | R5: =IF(OR(G5="",G5=0),"",P5/G5)
A6: 46273 | B6: Volvo FH (exemplo) | C6: João | D6: Santos (SP) | E6: Uberlândia (MG) | F6: 690 | G6: 4200 | H6: 0.015 | I6: 40 | J6: 0.12 | K6: 1750 | L6: 210 | M6: 150 | N6: =IF(G6="","",G6*H6) | O6: =IF(G6="","",(G6-N6-I6)*J6) | P6: =IF(G6="","",G6-N6-I6-O6-K6-L6-M6) | Q6: =IF(OR(G6="",F6=0),"",P6/F6) | R6: =IF(OR(G6="",G6=0),"",P6/G6)
A7: 46279 | B7: Volvo FH (exemplo) | C7: João | D7: Uberlândia (MG) | E7: Rondonópolis (MT) | F7: 900 | G7: 5100 | H7: 0.015 | I7: 50 | J7: 0.12 | K7: 2250 | L7: 90 | M7: 200 | N7: =IF(G7="","",G7*H7) | O7: =IF(G7="","",(G7-N7-I7)*J7) | P7: =IF(G7="","",G7-N7-I7-O7-K7-L7-M7) | Q7: =IF(OR(G7="",F7=0),"",P7/F7) | R7: =IF(OR(G7="",G7=0),"",P7/G7)
A8: 46286 | B8: Volvo FH (exemplo) | C8: João | D8: Rondonópolis (MT) | E8: Paranaguá (PR) | F8: 1600 | G8: 8600 | H8: 0.015 | I8: 60 | J8: 0.12 | K8: 4000 | L8: 420 | M8: 480 | N8: =IF(G8="","",G8*H8) | O8: =IF(G8="","",(G8-N8-I8)*J8) | P8: =IF(G8="","",G8-N8-I8-O8-K8-L8-M8) | Q8: =IF(OR(G8="",F8=0),"",P8/F8) | R8: =IF(OR(G8="",G8=0),"",P8/G8)
A9: 46290 | B9: Volvo FH (exemplo) | C9: João | D9: Paranaguá (PR) | E9: Rondonópolis (MT) | F9: 1450 | G9: 7800 | H9: 0.015 | I9: 60 | J9: 0.12 | K9: 3600 | L9: 380 | M9: 300 | N9: =IF(G9="","",G9*H9) | O9: =IF(G9="","",(G9-N9-I9)*J9) | P9: =IF(G9="","",G9-N9-I9-O9-K9-L9-M9) | Q9: =IF(OR(G9="",F9=0),"",P9/F9) | R9: =IF(OR(G9="",G9=0),"",P9/G9)
A10: 46294 | B10: Volvo FH (exemplo) | C10: João | D10: Rondonópolis (MT) | E10: Goiânia (GO) | F10: 1150 | G10: 6200 | H10: 0.015 | I10: 50 | J10: 0.12 | K10: 2700 | L10: 250 | M10: 200 | N10: =IF(G10="","",G10*H10) | O10: =IF(G10="","",(G10-N10-I10)*J10) | P10: =IF(G10="","",G10-N10-I10-O10-K10-L10-M10) | Q10: =IF(OR(G10="",F10=0),"",P10/F10) | R10: =IF(OR(G10="",G10=0),"",P10/G10)
A11: 46268 | B11: Scania R450 (exemplo) | C11: Carlos | D11: Cascavel (PR) | E11: São Paulo (SP) | F11: 950 | G11: 5400 | H11: 0.015 | I11: 45 | J11: 0.12 | K11: 2300 | L11: 310 | M11: 180 | N11: =IF(G11="","",G11*H11) | O11: =IF(G11="","",(G11-N11-I11)*J11) | P11: =IF(G11="","",G11-N11-I11-O11-K11-L11-M11) | Q11: =IF(OR(G11="",F11=0),"",P11/F11) | R11: =IF(OR(G11="",G11=0),"",P11/G11)
A12: 46277 | B12: Scania R450 (exemplo) | C12: Carlos | D12: São Paulo (SP) | E12: Cascavel (PR) | F12: 950 | G12: 3000 | H12: 0.015 | I12: 30 | J12: 0.12 | K12: 2300 | L12: 310 | M12: 150 | N12: =IF(G12="","",G12*H12) | O12: =IF(G12="","",(G12-N12-I12)*J12) | P12: =IF(G12="","",G12-N12-I12-O12-K12-L12-M12) | Q12: =IF(OR(G12="",F12=0),"",P12/F12) | R12: =IF(OR(G12="",G12=0),"",P12/G12)
A13: 46285 | B13: Scania R450 (exemplo) | C13: Carlos | D13: Cascavel (PR) | E13: Curitiba (PR) | F13: 500 | G13: 2600 | H13: 0.015 | I13: 25 | J13: 0.12 | K13: 1200 | L13: 140 | M13: 100 | N13: =IF(G13="","",G13*H13) | O13: =IF(G13="","",(G13-N13-I13)*J13) | P13: =IF(G13="","",G13-N13-I13-O13-K13-L13-M13) | Q13: =IF(OR(G13="",F13=0),"",P13/F13) | R13: =IF(OR(G13="",G13=0),"",P13/G13)
A14: 46288 | B14: Scania R450 (exemplo) | C14: Carlos | D14: Curitiba (PR) | E14: Campinas (SP) | F14: 1000 | G14: 6100 | H14: 0.015 | I14: 50 | J14: 0.12 | K14: 2600 | L14: 300 | M14: 200 | N14: =IF(G14="","",G14*H14) | O14: =IF(G14="","",(G14-N14-I14)*J14) | P14: =IF(G14="","",G14-N14-I14-O14-K14-L14-M14) | Q14: =IF(OR(G14="",F14=0),"",P14/F14) | R14: =IF(OR(G14="",G14=0),"",P14/G14)
A15: 46292 | B15: Scania R450 (exemplo) | C15: Carlos | D15: Campinas (SP) | E15: Cascavel (PR) | F15: 850 | G15: 4800 | H15: 0.015 | I15: 40 | J15: 0.12 | K15: 2100 | L15: 260 | M15: 150 | N15: =IF(G15="","",G15*H15) | O15: =IF(G15="","",(G15-N15-I15)*J15) | P15: =IF(G15="","",G15-N15-I15-O15-K15-L15-M15) | Q15: =IF(OR(G15="",F15=0),"",P15/F15) | R15: =IF(OR(G15="",G15=0),"",P15/G15)
A16: 46295 | B16: Scania R450 (exemplo) | C16: Carlos | D16: Cascavel (PR) | E16: Maringá (PR) | F16: 900 | G16: 5200 | H16: 0.015 | I16: 45 | J16: 0.12 | K16: 2200 | L16: 280 | M16: 150 | N16: =IF(G16="","",G16*H16) | O16: =IF(G16="","",(G16-N16-I16)*J16) | P16: =IF(G16="","",G16-N16-I16-O16-K16-L16-M16) | Q16: =IF(OR(G16="",F16=0),"",P16/F16) | R16: =IF(OR(G16="",G16=0),"",P16/G16)
N17: =IF(G17="","",G17*H17) | O17: =IF(G17="","",(G17-N17-I17)*J17) | P17: =IF(G17="","",G17-N17-I17-O17-K17-L17-M17) | Q17: =IF(OR(G17="",F17=0),"",P17/F17) | R17: =IF(OR(G17="",G17=0),"",P17/G17)
N18: =IF(G18="","",G18*H18) | O18: =IF(G18="","",(G18-N18-I18)*J18) | P18: =IF(G18="","",G18-N18-I18-O18-K18-L18-M18) | Q18: =IF(OR(G18="",F18=0),"",P18/F18) | R18: =IF(OR(G18="",G18=0),"",P18/G18)
N19: =IF(G19="","",G19*H19) | O19: =IF(G19="","",(G19-N19-I19)*J19) | P19: =IF(G19="","",G19-N19-I19-O19-K19-L19-M19) | Q19: =IF(OR(G19="",F19=0),"",P19/F19) | R19: =IF(OR(G19="",G19=0),"",P19/G19)
N20: =IF(G20="","",G20*H20) | O20: =IF(G20="","",(G20-N20-I20)*J20) | P20: =IF(G20="","",G20-N20-I20-O20-K20-L20-M20) | Q20: =IF(OR(G20="",F20=0),"",P20/F20) | R20: =IF(OR(G20="",G20=0),"",P20/G20)
N21: =IF(G21="","",G21*H21) | O21: =IF(G21="","",(G21-N21-I21)*J21) | P21: =IF(G21="","",G21-N21-I21-O21-K21-L21-M21) | Q21: =IF(OR(G21="",F21=0),"",P21/F21) | R21: =IF(OR(G21="",G21=0),"",P21/G21)
N22: =IF(G22="","",G22*H22) | O22: =IF(G22="","",(G22-N22-I22)*J22) | P22: =IF(G22="","",G22-N22-I22-O22-K22-L22-M22) | Q22: =IF(OR(G22="",F22=0),"",P22/F22) | R22: =IF(OR(G22="",G22=0),"",P22/G22)
N23: =IF(G23="","",G23*H23) | O23: =IF(G23="","",(G23-N23-I23)*J23) | P23: =IF(G23="","",G23-N23-I23-O23-K23-L23-M23) | Q23: =IF(OR(G23="",F23=0),"",P23/F23) | R23: =IF(OR(G23="",G23=0),"",P23/G23)
N24: =IF(G24="","",G24*H24) | O24: =IF(G24="","",(G24-N24-I24)*J24) | P24: =IF(G24="","",G24-N24-I24-O24-K24-L24-M24) | Q24: =IF(OR(G24="",F24=0),"",P24/F24) | R24: =IF(OR(G24="",G24=0),"",P24/G24)
N25: =IF(G25="","",G25*H25) | O25: =IF(G25="","",(G25-N25-I25)*J25) | P25: =IF(G25="","",G25-N25-I25-O25-K25-L25-M25) | Q25: =IF(OR(G25="",F25=0),"",P25/F25) | R25: =IF(OR(G25="",G25=0),"",P25/G25)
N26: =IF(G26="","",G26*H26) | O26: =IF(G26="","",(G26-N26-I26)*J26) | P26: =IF(G26="","",G26-N26-I26-O26-K26-L26-M26) | Q26: =IF(OR(G26="",F26=0),"",P26/F26) | R26: =IF(OR(G26="",G26=0),"",P26/G26)
N27: =IF(G27="","",G27*H27) | O27: =IF(G27="","",(G27-N27-I27)*J27) | P27: =IF(G27="","",G27-N27-I27-O27-K27-L27-M27) | Q27: =IF(OR(G27="",F27=0),"",P27/F27) | R27: =IF(OR(G27="",G27=0),"",P27/G27)
N28: =IF(G28="","",G28*H28) | O28: =IF(G28="","",(G28-N28-I28)*J28) | P28: =IF(G28="","",G28-N28-I28-O28-K28-L28-M28) | Q28: =IF(OR(G28="",F28=0),"",P28/F28) | R28: =IF(OR(G28="",G28=0),"",P28/G28)
... N304: =IF(G304="","",G304*H304) | O304: =IF(G304="","",(G304-N304-I304)*J304) | P304: =IF(G304="","",G304-N304-I304-O304-K304-L304-M304) | Q304: =IF(OR(G304="",F304=0),"",P304/F304) | R304: =IF(OR(G304="",G304=0),"",P304/G304)

Sheet Como usar
A1: Como usar a planilha de controle de viagens
A3: 1 | B3: A planilha vem com 2 caminhões e algumas viagens de exemplo, marcados com (exemplo). Veja como ficam e depois apague essas linhas nas abas Caminhões e Viagens.
A4: 2 | B4: Na aba Caminhões, cadastre cada caminhão com os custos fixos do mês: parcela, seguro, salário fixo do motorista e outros (IPVA e licenciamento divididos por 12, rastreador, depreciação).
A5: 3 | B5: Na aba Viagens, lance uma linha por viagem. Escolha o caminhão na lista e preencha frete, taxa, seguro de carga, comissão e as despesas. As colunas escuras se calculam sozinhas.
A6: 4 | B6: A comissão sai do frete depois de tirar a taxa da empresa que paga o frete e o seguro de carga. Se o seu combinado é sobre o frete cheio, deixe taxa e seguro em zero.
A7: 5 | B7: Na aba Resumo do mês, troque o mês na célula B3. A tabela mostra, por caminhão, as viagens, os km, o faturamento, o lucro das viagens e o lucro do caminhão depois dos custos fixos.
A8: 6 | B8: Caminhão no vermelho no resumo quer dizer que as viagens do mês não pagaram os custos fixos dele. Vale olhar consumo, fretes aceitos e dias parados.
A9: 7 | B9: Para fechar o acerto com o motorista viagem a viagem, use também a planilha grátis de acerto de viagem em frotze.com.br/planilhas/acerto-de-viagem.
B11: Feita pela Frotze, sistema de gestão financeira para quem tem de 1 a 20 caminhões. A Frotze calcula o lucro de cada viagem e de cada caminhão sozinha, a cada viagem lançada. Teste grátis por 14 dias em frotze.com.br
B12: Calculadoras grátis: frotze.com.br/ferramentas
